[ AOE2 MATCH · #483130450 ]
UnrankedBritons vs Chinese
Player's team · WIN
Rival team · LOSS
[ REPLAY ANALYSIS · EXTRACTED FROM THE RECORDED GAME ]
Feudal
7:10
Castle
23:26
Imperial
36:57
| APM avg | 34.1 |
| APM peak | 74 |
| eAPM avg | 18.0 |
| Villagers / military | 123 / 296 |
Focus
⚔️ 36.3% · 🌾 63.7%
Archer ×159 · Scout Cavalry ×101 · Knight ×21 · Trebuchet (Packed) ×7 · Battering Ram ×4 · Mangonel ×2
Feudal
7:45
Castle
21:42
Imperial
41:05
| APM avg | 41.4 |
| APM peak | 94 |
| eAPM avg | 24.3 |
| Villagers / military | 159 / 316 |
Focus
⚔️ 45.9% · 🌾 54.1%
Skirmisher ×212 · Fire Lancer ×41 · Scout Cavalry ×27 · Spearman ×11 · Trebuchet (Packed) ×9 · Iron Pagoda ×8
Match map
Initial resources + every placement click. Lines = walls · curves = elevation contours. ◆ gold · ⬟ stone · ● berries · ✦ relic · ◌ wall gap
Your base· ✓ Closed at 23:26 · 42t walls · 1 gate(s)
Bornz's base· ✓ Closed at 21:42 · 71t walls · 2 gate(s)
Smoothed initial terrain · ◌ = detected wall gap · hover for details
Inputs per minute
— Xavyyy - - Bornz
Build order — Xavyyy
First 150 of 459 actions detected
| 0:03 | Create | Villager (Male) ×2 |
| 0:04 | Create | Villager (Male) ×2 |
| 0:52 | Create | Villager (Male) |
| 1:18 | Create | Villager (Male) |
| 1:30 | Build | House |
| 1:32 | Create | Villager (Male) |
| 1:41 | Build | Mill |
| 2:02 | Build | Lumber Camp |
| 2:08 | Create | Villager (Male) |
| 2:20 | Create | Villager (Male) |
| 3:02 | Create | Villager (Male) |
| 3:20 | Create | Villager (Male) |
| 3:28 | Build | House |
| 3:47 | Create | Villager (Male) |
| 4:13 | Create | Villager (Male) |
| 5:00 | Research | Feudal Age |
| 5:03 | Research | Loom |
| 5:33 | Create | Villager (Male) |
| 5:33 | Create | Villager (Male) |
| 5:45 | Build | Barracks |
| 5:55 | Build | House |
| 6:34 | Build | Mining Camp |
| 7:10 | Age | Feudal Age |
| 7:13 | Build | Archery Range |
| 7:18 | Build | House |
| 7:56 | Build | House |
| 8:05 | Create | Archer |
| 8:06 | Create | Archer |
| 8:10 | Create | Villager (Male) |
| 8:27 | Create | Villager (Male) |
| 8:30 | Build | Archery Range |
| 8:37 | Build | Palisade Wall |
| 8:44 | Build | Palisade Wall |
| 8:49 | Create | Archer |
| 9:09 | Build | House |
| 9:13 | Create | Villager (Male) |
| 9:27 | Create | Archer |
| 9:42 | Create | Villager (Male) |
| 9:43 | Create | Archer |
| 9:43 | Create | Archer |
| 9:55 | Build | Palisade Gate |
| 10:06 | Build | House |
| 10:09 | Build | Palisade Wall |
| 10:10 | Create | Villager (Male) |
| 10:18 | Create | Archer |
| 10:18 | Create | Archer |
| 10:41 | Build | Palisade Wall |
| 10:43 | Create | Villager (Male) |
| 10:48 | Build | Farm |
| 10:53 | Create | Villager (Male) |
| 10:54 | Create | Archer |
| 10:55 | Create | Archer |
| 11:24 | Build | Blacksmith |
| 11:26 | Create | Villager (Male) |
| 11:27 | Create | Archer |
| 11:27 | Create | Archer |
| 11:50 | Create | Villager (Male) |
| 11:57 | Create | Archer |
| 11:57 | Create | Archer |
| 12:24 | Build | House |
| 12:27 | Build | Palisade Wall |
| 12:29 | Create | Villager (Male) |
| 12:29 | Create | Villager (Male) |
| 12:31 | Create | Archer |
| 12:31 | Create | Archer |
| 12:38 | Research | Fletching |
| 13:13 | Build | House |
| 13:14 | Build | House |
| 13:15 | Create | Villager (Male) |
| 13:16 | Create | Archer |
| 13:16 | Create | Archer |
| 13:52 | Create | Villager (Male) |
| 13:55 | Create | Archer |
| 13:56 | Create | Archer |
| 14:00 | Build | Farm |
| 14:02 | Build | Farm |
| 14:06 | Build | Farm |
| 14:11 | Build | Farm |
| 14:20 | Build | Farm |
| 14:24 | Build | Farm |
| 14:29 | Create | Archer |
| 14:29 | Create | Archer |
| 14:54 | Create | Villager (Male) |
| 14:54 | Create | Villager (Male) |
| 15:12 | Create | Villager (Male) |
| 15:13 | Create | Archer |
| 15:13 | Create | Archer |
| 15:22 | Create | Villager (Male) |
| 15:31 | Build | House |
| 15:34 | Build | House |
| 15:54 | Create | Archer |
| 15:55 | Create | Villager (Male) |
| 16:08 | Build | Farm |
| 16:09 | Build | Farm |
| 16:11 | Create | Archer |
| 16:11 | Create | Archer |
| 16:43 | Build | Farm |
| 16:46 | Build | Farm |
| 16:49 | Create | Villager (Male) |
| 16:50 | Create | Archer |
| 16:53 | Build | House |
| 16:54 | Build | House |
| 17:17 | Create | Villager (Male) |
| 17:30 | Build | Palisade Gate |
| 17:33 | Create | Villager (Male) |
| 17:34 | Create | Archer |
| 17:34 | Create | Archer |
| 17:44 | Create | Villager (Male) |
| 17:55 | Build | Farm |
| 18:16 | Create | Villager (Male) |
| 18:17 | Create | Archer |
| 18:17 | Create | Archer |
| 18:21 | Build | Farm |
| 18:29 | Build | House |
| 18:30 | Build | House |
| 18:59 | Create | Villager (Male) |
| 18:59 | Create | Archer |
| 18:59 | Create | Archer |
| 19:17 | Build | House |
| 19:18 | Build | House |
| 19:22 | Build | Farm |
| 19:25 | Build | Farm |
| 19:27 | Build | Farm |
| 19:30 | Build | House |
| 19:31 | Create | Villager (Male) |
| 19:31 | Create | Villager (Male) |
| 19:37 | Build | Market |
| 19:52 | Build | Farm |
| 20:10 | Build | Farm |
| 20:15 | Build | House |
| 20:16 | Build | House |
| 20:46 | Research | Castle Age |
| 21:08 | Create | Villager (Male) |
| 21:08 | Create | Archer |
| 21:08 | Create | Archer |
| 21:25 | Build | House |
| 21:26 | Build | House |
| 21:31 | Build | Farm |
| 21:53 | Create | Archer |
| 21:53 | Create | Archer |
| 21:54 | Create | Villager (Male) |
| 21:57 | Build | House |
| 21:59 | Build | House |
| 22:13 | Create | Archer |
| 22:13 | Create | Archer |
| 22:50 | Build | Mining Camp |
| 22:52 | Create | Villager (Male) |
| 22:53 | Create | Archer |
| 22:53 | Create | Archer |
| 23:11 | Create | Villager (Male) |
Build order — Bornz
First 150 of 707 actions detected
| 0:20 | Research | Loom |
| 0:55 | Create | Villager (Male) |
| 0:56 | Create | Villager (Male) |
| 1:15 | Create | Villager (Male) |
| 1:15 | Create | Villager (Male) |
| 1:15 | Create | Villager (Male) |
| 1:47 | Create | Villager (Male) |
| 1:48 | Create | Villager (Male) |
| 1:56 | Create | Villager (Male) |
| 2:12 | Build | Lumber Camp |
| 2:40 | Create | Villager (Male) |
| 2:40 | Create | Villager (Male) |
| 3:00 | Create | Villager (Male) |
| 3:00 | Create | Villager (Male) |
| 3:42 | Create | Villager (Male) |
| 3:42 | Create | Villager (Male) |
| 3:57 | Create | Villager (Male) |
| 3:57 | Create | Villager (Male) |
| 4:20 | Build | Mill |
| 4:37 | Build | House |
| 5:35 | Research | Feudal Age |
| 5:52 | Build | House |
| 5:56 | Build | Palisade Wall |
| 6:04 | Build | Palisade Wall |
| 6:10 | Build | House |
| 6:14 | Build | Palisade Wall |
| 6:14 | Build | Palisade Wall |
| 6:23 | Build | Palisade Wall |
| 6:28 | Create | Villager (Male) |
| 6:28 | Create | Villager (Male) |
| 6:29 | Create | Villager (Male) |
| 6:45 | Build | Palisade Wall |
| 7:31 | Build | Palisade Wall |
| 7:44 | Build | House |
| 7:45 | Age | Feudal Age |
| 7:47 | Build | Palisade Wall |
| 8:00 | Build | Palisade Wall |
| 8:12 | Build | House |
| 8:21 | Build | Palisade Gate |
| 8:26 | Build | Palisade Wall |
| 8:28 | Create | Villager (Male) |
| 8:28 | Create | Villager (Male) |
| 8:45 | Build | Mining Camp |
| 9:13 | Research | Gold Mining |
| 9:35 | Research | Double-Bit Axe |
| 10:03 | Build | Barracks |
| 10:04 | Create | Villager (Male) |
| 10:05 | Create | Villager (Male) |
| 10:05 | Create | Villager (Male) |
| 10:17 | Build | House |
| 10:18 | Build | House |
| 10:20 | Build | House |
| 10:34 | Create | Villager (Male) |
| 10:34 | Create | Villager (Male) |
| 10:44 | Build | Farm |
| 10:44 | Build | Farm |
| 10:49 | Build | Farm |
| 10:56 | Build | Farm |
| 11:01 | Build | Farm |
| 11:13 | Build | Farm |
| 11:30 | Build | Farm |
| 11:34 | Build | Farm |
| 11:42 | Build | Farm |
| 11:52 | Build | Farm |
| 12:00 | Build | Farm |
| 12:09 | Build | Farm |
| 12:12 | Create | Villager (Male) |
| 12:12 | Create | Villager (Male) |
| 12:23 | Build | Watch Tower |
| 12:26 | Build | House |
| 12:29 | Build | House |
| 12:43 | Build | House |
| 12:48 | Build | Farm |
| 13:06 | Create | Villager (Male) |
| 13:07 | Create | Villager (Male) |
| 13:07 | Create | Villager (Male) |
| 13:13 | Build | House |
| 13:16 | Build | House |
| 13:39 | Build | Stone Wall |
| 13:55 | Build | House |
| 14:00 | Build | House |
| 14:09 | Build | Stone Wall |
| 14:21 | Build | Stone Wall |
| 14:25 | Build | Stone Wall |
| 14:26 | Create | Villager (Male) |
| 14:26 | Create | Villager (Male) |
| 14:26 | Create | Villager (Male) |
| 14:29 | Build | Farm |
| 14:43 | Build | Mill |
| 15:00 | Build | Mining Camp |
| 15:13 | Build | Blacksmith |
| 15:19 | Build | Archery Range |
| 15:42 | Create | Villager (Male) |
| 15:42 | Create | Villager (Male) |
| 15:42 | Create | Villager (Male) |
| 16:07 | Build | Lumber Camp |
| 16:26 | Create | Skirmisher |
| 16:27 | Create | Skirmisher |
| 16:27 | Create | Skirmisher |
| 16:45 | Build | Mining Camp |
| 16:56 | Build | Palisade Gate |
| 16:58 | Create | Villager (Male) |
| 16:59 | Create | Villager (Male) |
| 17:01 | Research | Wheelbarrow |
| 17:13 | Build | Farm |
| 17:36 | Build | Farm |
| 17:57 | Build | Farm |
| 18:13 | Build | Palisade Wall |
| 18:22 | Build | Watch Tower |
| 18:28 | Build | House |
| 18:29 | Build | House |
| 18:33 | Build | House |
| 18:38 | Build | Stone Wall |
| 18:44 | Build | House |
| 19:02 | Research | Castle Age |
| 19:07 | Research | Fletching |
| 19:22 | Build | House |
| 19:24 | Build | House |
| 19:32 | Build | Mill |
| 19:33 | Build | Farm |
| 19:33 | Build | Farm |
| 19:33 | Build | Farm |
| 19:34 | Build | Farm |
| 19:38 | Create | Skirmisher |
| 19:39 | Create | Skirmisher |
| 19:39 | Create | Skirmisher |
| 19:41 | Research | Padded Archer Armor |
| 19:58 | Build | Watch Tower |
| 21:11 | Build | Archery Range |
| 21:36 | Research | Forging |
| 21:42 | Age | Castle Age |
| 21:48 | Create | Skirmisher |
| 21:49 | Create | Skirmisher |
| 21:55 | Create | Villager (Male) |
| 21:55 | Create | Villager (Male) |
| 21:57 | Create | Villager (Male) |
| 21:58 | Create | Villager (Male) |
| 22:08 | Build | Farm |
| 22:42 | Create | Villager (Male) |
| 22:42 | Create | Villager (Male) |
| 23:03 | Research | Bodkin Arrow |
| 23:08 | Build | Farm |
| 23:10 | Create | Villager (Male) |
| 23:59 | Research | Leather Archer Armor |
| 24:04 | Create | Villager (Male) |
| 24:04 | Create | Villager (Male) |
| 24:17 | Build | Town Center |
| 24:21 | Create | Villager (Male) |
| 24:22 | Create | Villager (Male) |
| 24:58 | Build | Watch Tower |
Match timeline
| 5:45 | Xavyyy · first_building Barracks |
| 5:56 | Bornz · wall_segment Palisade Wall x10 |
| 6:04 | Bornz · wall_segment Palisade Wall x12 |
| 6:14 | Bornz · wall_segment Palisade Wall x6 |
| 6:14 | Bornz · wall_segment Palisade Wall x1 |
| 6:23 | Bornz · wall_segment Palisade Wall x6 |
| 6:45 | Bornz · wall_segment Palisade Wall x20 |
| 7:10 | Xavyyy · age_up feudal |
| 7:13 | Xavyyy · first_building Archery Range |
| 7:31 | Bornz · wall_segment Palisade Wall x1 |
| 7:45 | Bornz · age_up feudal |
| 7:47 | Bornz · wall_segment Palisade Wall x1 |
| 8:00 | Bornz · wall_segment Palisade Wall x10 |
| 8:26 | Bornz · wall_segment Palisade Wall x1 |
| 8:37 | Xavyyy · wall_segment Palisade Wall x5 |
| 8:44 | Xavyyy · wall_segment Palisade Wall x15 |
| 10:03 | Bornz · first_building Barracks |
| 10:09 | Xavyyy · wall_segment Palisade Wall x7 |
| 10:41 | Xavyyy · wall_segment Palisade Wall x10 |
| 12:27 | Xavyyy · wall_segment Palisade Wall x6 |
| 13:39 | Bornz · wall_segment Stone Wall x1 |
| 14:09 | Bornz · wall_segment Stone Wall x1 |
| 14:21 | Bornz · wall_segment Stone Wall x1 |
| 14:25 | Bornz · wall_segment Stone Wall x1 |
| 15:19 | Bornz · first_building Archery Range |
| 18:13 | Bornz · wall_segment Palisade Wall x1 |
| 18:38 | Bornz · wall_segment Stone Wall x1 |
| 21:42 | Bornz · age_up castle |
| 23:26 | Xavyyy · age_up castle |
| 23:50 | Xavyyy · first_building Siege Workshop |
| 25:30 | Xavyyy · first_market_buy 100 wood |
| 25:39 | Bornz · first_building Siege Workshop |
| 27:01 | Bornz · first_building Stable |
| 29:46 | Xavyyy · first_building Monastery |
| 29:57 | Bornz · first_building Monastery |
| 30:58 | Xavyyy · first_building Stable |
| 31:49 | Xavyyy · first_building Castle |
| 33:27 | Xavyyy · first_market_sell 100 wood |
| 34:44 | Bornz · wall_segment Stone Wall x9 |
| 36:57 | Xavyyy · age_up imperial |
| 41:05 | Bornz · age_up imperial |
| 42:06 | Bornz · first_building Castle |
| 43:34 | Bornz · wall_segment Stone Wall x6 |
| 43:41 | Bornz · wall_segment Stone Wall x7 |
| 45:27 | Bornz · wall_segment Stone Wall x2 |
| 45:33 | Bornz · wall_segment Stone Wall x5 |
| 55:52 | Bornz · wall_segment Stone Wall x8 |
| 60:22 | Bornz · resign |
[ AI ANALYSIS · 1 CREDIT ]
What really happened in this match?
Wolo.gg analyzes every decision: build order, eco, micro, common mistakes by bracket. Personalized analysis on WhatsApp or Discord in 30 seconds.
Civ guide
Britons
Perfil
Jugador #2997421